Map: Winter's Gate LE

Players

ROCKSTAR

  • Race: Terran Terran
  • League: Diamond
  • Spawn Location: 11:00

Mez - Winner!

  • Race: Terran Terran
  • League: Master
  • Spawn Location: 5:00

VOD

Have the link to the VOD?

Description

Time

  • Played on: Aug. 21, 2019, 9:14 p.m.
  • Length: 9:33
Show
View Real Time Build Order
Export as new Build Order

ROCKSTAR Terran 

Build Orders: 2 Factory, Mech 

Get SALT Encoding   

  12  0:01  SCV  
  13  0:13  SCV  
  14  0:18  Supply Depot  
  14  0:25  SCV  
  15  0:40  SCV  
  15  0:41  Barracks  
  16  0:46  Refinery  
  16  0:52  SCV  
  17  1:06  SCV  
  17  1:07  Refinery  
  18  1:18  SCV  
  19  1:30  Reaper  
  20  1:33  Orbital Command  
  20  1:42  Supply Depot  
  20  1:53  Factory  
  20  2:02  Reaper  
  20  2:18  SCV, Factory  
  21  2:29  Command Center  
  21  2:32  SCV  
  20  2:59  SCV  
  20  3:03  Factory Tech Lab  
  21  3:17  Supply Depot  
  21  3:23  Cyclone  
  21  3:25  SCV  
  25  3:30  Starport  
  25  3:41  Orbital Command  
  21  4:12  SCV, Starport Tech Lab  
  21  4:15  Orbital Command  
  22  4:22  Fusion Core  
  22  4:35  Factory Reactor  
  22  4:39  Command Center  
  22  4:42  Marine  
  23  4:49  SCV  
  23  4:50  SCV  
  25  5:01  SCV  
  25  5:02  SCV  
  27  5:09  Battlecruiser  
  27  5:13  SCV  
  34  5:18  Hellion x2  
  38  5:23  SCV  
  39  5:34  Factory x2  
  39  5:48  Hellion x2  
  43  6:01  Orbital Command  
  41  6:17  Orbital Command  
  38  6:22  Hellion x2  
  39  6:31  Factory Tech Lab  
  39  6:37  SCV x2  
  41  6:44  SCV  
  41  6:46  Hellion x2  
  46  6:49  SCV x2  
  48  7:08  Siege Tank, Hellion x2  
  49  7:11  SCV x2  
  49  7:14  Refinery  
  51  7:16  Refinery  
  51  7:18  Factory Tech Lab, Orbital Command  
  51  7:21  Armory  
  51  7:23  Armory  
  51  7:31  SCV x2  
  53  7:43  SCV, Supply Depot  
  54  7:51  Hellion  
  54  7:52  Hellion  
  54  7:53  Siege Tank  
  54  7:54  Infernal Pre-Igniter  
  61  7:59  SCV x2  
  61  8:00  SCV  
  64  8:10  Command Center  
  64  8:11  SCV  
  63  8:19  Siege Tank  
  66  8:20  Hellbat x2  
  66  8:26  SCV x2  
  71  8:31  Supply Depot  
  71  8:32  Supply Depot  
  68  8:38  SCV x2  
  68  8:45  Siege Tank, Hellbat  
  68  8:46  Hellbat  
  73  8:50  SCV x2  
  61  9:08  SCV x2  
Show
View Real Time Build Order
Export as new Build Order

Mez Terran - Winner!

Build Orders: Liberator Opening, Reaper Expand 

Get SALT Encoding   

  12  0:00  SCV  
  13  0:13  SCV  
  14  0:17  Supply Depot  
  14  0:25  SCV  
  15  0:38  SCV  
  15  0:39  Barracks  
  16  0:44  Refinery  
  16  0:50  SCV  
  17  1:02  SCV  
  18  1:16  SCV  
  19  1:27  Reaper  
  19  1:28  Orbital Command  
  20  1:40  Command Center  
  20  1:53  Supply Depot  
  20  2:03  Bunker, Reaper  
  20  2:21  SCV  
  21  2:23  Refinery  
  21  2:30  Factory  
  21  2:35  SCV  
  22  2:42  Reaper  
  22  2:56  SCV  
  23  3:08  SCV  
  24  3:16  Barracks Reactor  
  24  3:17  Hellion  
  24  3:19  Orbital Command  
  26  3:20  SCV  
  26  3:21  Starport  
  26  3:24  Refinery  
  27  3:32  SCV  
  28  3:40  Factory Tech Lab  
  28  3:44  SCV  
  29  3:51  SCV  
  29  3:54  Liberator  
  30  3:57  SCV  
  30  4:03  SCV  
  30  4:09  SCV  
  30  4:14  Marine x2, Siege Tank  
  30  4:15  SCV  
  39  4:21  SCV  
  40  4:27  SCV  
  41  4:31  Supply Depot  
  41  4:36  SCV  
  41  4:37  Marine  
  43  4:39  Marine, Command Center, SCV  
  45  4:53  Siege Tank  
  45  4:55  Starport Tech Lab  
  45  4:56  Marine  
  45  4:57  Marine  
  45  4:58  SCV x2  
  52  5:01  Supply Depot  
  52  5:03  Supply Depot  
  52  5:10  SCV  
  52  5:11  SCV  
  54  5:22  Marine x2  
  54  5:23  SCV x2  
  58  5:40  SCV x2  
  58  5:42  Siege Tank, Raven  
  63  5:43  Marine x2  
  63  5:48  Refinery  
  63  5:49  Barracks x2, Supply Depot  
  67  5:52  SCV x2, Supply Depot  
  67  6:04  SCV x2  
  69  6:17  Cyclone  
  69  6:18  Marine x2  
  70  6:19  SCV x2  
  64  6:31  Raven  
  63  6:35  SCV  
  63  6:36  SCV  
  63  6:38  Barracks Reactor x2  
  62  6:41  Barracks  
  62  6:42  Barracks  
  62  6:44  Engineering Bay  
  61  6:47  Engineering Bay  
  61  6:48  SCV x2  
  61  6:50  Marine x2  
  60  7:00  SCV  
  59  7:03  SCV  
  54  7:12  SCV, Orbital Command  
  54  7:15  SCV, Terran Infantry Armor Level 1, Terran Infantry Weapons Level 1  
  56  7:18  Marine x2  
  56  7:19  Marine  
  59  7:24  SCV  
  59  7:26  Refinery  
  59  7:27  SCV  
  59  7:28  Cyclone  
  59  7:29  Viking  
  66  7:30  Viking  
  66  7:31  Marine  
  66  7:33  Barracks Reactor x2  
  66  7:36  SCV  
  70  7:38  SCV  
  70  7:39  SCV  
  70  7:43  Missile Turret  
  72  7:46  Missile Turret  
  72  7:48  SCV  
  72  7:50  SCV  
  74  7:52  SCV, Missile Turret  
  75  7:58  Marine  
  75  7:59  Marine x4  
  75  8:00  SCV  
  78  8:13  Marine, Siege Tank  
  78  8:14  Marine x3  
  78  8:16  Marine x2  
  78  8:17  Marine, Viking x2  
  92  8:22  SCV x2  
  92  8:29  SCV  
  93  8:34  SCV x2  
  93  8:37  Marine x6  
  101  8:42  Marine x3  
  101  8:45  SCV, Armory  
  101  8:46  SCV  
  106  8:54  Marine  
  107  9:06  Marine  
  107  9:07  Marine x7  
  115  9:12  Marine  
Tags
 
Add a new tag
Caveats
  • Supply blocks, unpowered buildings, or Contaminate may cause inaccurate times.
  • Supply counts are checked every 10 seconds.